Cogmind - Beta 15 @@@ ROGUE MODE // 2025.05.31 @ 23:07:42 Player: Rohain Result: Destroyed by 85-IV8(R) with Subdweller Machine Gun Performance ------------- Evolutions (0) 0 Regions Visited (3) 600 Robots Destroyed (15) 75 Value Destroyed (247) 247 Prototype IDs (0) 0 Alien Tech Used (0) 0 Bonus (0) 0 TOTAL SCORE: 922 Bonus ------- None Cogmind --------- Core Integrity 0/250 Matter 294/300 Energy 94/100 System Corruption 0% Temperature Cool (0) Movement Rolling (110) Location -10/Subcaves Parts ------- > --- POWER (1) -------- (None) > --- PROPULSION (2) --- Subdweller Monowheel > --- UTILITY (2) ------ Medium Storage Unit Improved Light Armor Plating > --- WEAPON (2) ------- Particle Cannon Heavy Assault Rifle > --- INVENTORY (10) --- Ion Engine Aluminum Leg Large Storage Unit Particle Cannon Heavy Assault Rifle Heavy Assault Rifle Peak State ------------ > --- POWER ------------ Light Nuclear Core > --- PROPULSION ------- Aluminum Leg Flexi-carbon Leg > --- UTILITY ---------- Medium Storage Unit Signal Interpreter > --- WEAPON ----------- Heavy Assault Rifle Heavy Assault Rifle > --- INVENTORY -------- Ion Engine Aluminum Leg Aluminum Leg Large Storage Unit Improved Light Armor Plating Particle Cannon Particle Cannon Assault Rifle Assault Rifle Heavy Assault Rifle [Rating: 16] Favorites ----------- Power Light Nuclear Core Engine Ion Engine Power Core Light Nuclear Core Propulsion Aluminum Leg Leg Aluminum Leg Wheel Subdweller Monowheel Utility Medium Storage Unit Storage Medium Storage Unit Processor Signal Interpreter Protection Improved Light Armor Plating Weapon Heavy Assault Rifle Energy Cannon Particle Cannon Ballistic Gun Heavy Assault Rifle Launcher Grenade Launcher Build | -11 -10 -10 -10 ------- Run | Yrd Mat Min Sub Slots Evolved . | . . . . Power . | . . . . Propulsion . | . . . . Utility . | . . . . Weapon . | . . . . Parts Attached 23 | 7 7 7 2 Power 5 | 2 . 3 . Engine 4 | 2 . 2 . Core 1 | . . 1 . Reactor . | . . . . Propulsion 5 | 2 . 2 1 Treads . | . . . . Leg 4 | 2 . 2 . Wheel 1 | . . . 1 Hover . | . . . . Flight . | . . . . Utility 5 | 1 3 . 1 Device . | . . . . Storage 2 | 1 1 . . Processor 2 | . 2 . . Hackware . | . . . . Protection 1 | . . . 1 Artifact . | . . . . Weapon 8 | 2 4 2 . Energy Gun . | . . . . Energy Cannon 1 | . 1 . . Ballistic Gun 6 | 2 3 1 . Ballistic Cannon . | . . . . Launcher 1 | . . 1 . Special Weapon . | . . . . Impact Weapon . | . . . . Slashing Weapon . | . . . . Piercing Weapon . | . . . . Special Melee Weapon . | . . . . Unidentified Prototypes . | . . . . Parts Lost 7 | . . 3 4 Power 2 | . . 1 1 Propulsion 3 | . . . 3 Utility . | . . . . Weapon 2 | . . 2 . Highest Loss Streak 3 | . . 3 2 To Critical Strikes . | . . . . Average Backups 7 | 1 6 9 7 Power . | . 1 1 1 Propulsion 1 | . . 1 1 Utility 1 | . . 1 1 Weapon 4 | 1 5 5 3 Tool/Special . | . . . . Unused Backups 3 | . 1 . 2 Power . | . . . . Propulsion . | . . . . Utility 1 | . . . 1 Weapon 2 | . 1 . 1 Tool/Special . | . . . . Average Slot Usage (%) 96 | . 95 99 93 Engine 7 | . 14 7 . Core 6 | . . 6 14 Leg 26 | . 28 28 21 Wheel 1 | . . . 5 Storage 14 | . 14 14 14 Processor 10 | . 9 14 7 Protection 1 | . . . 6 Energy Cannon 3 | . . . 11 Ballistic Gun 22 | . 28 27 11 Peak Build Rating 16 | 6 11 16 16 Average Rating 12 | 4 9 14 14 On Entrance 8 | . 6 10 16 Naked Turns . | . . . . Heaviest Build 25 | 14 19 21 25 Greatest Support 30 | 20 20 30 30 Greatest Overweight (x) 2 | . . . 2 Average Overweight (x) . | . . . . Largest Inventory Capacity 10 | 8 10 10 10 Average Capacity 9 | 6 8 10 10 Most Carried 10 | 4 9 10 10 Average Carried 7 | 1 6 9 7 Final Capacity 10 | 8 10 10 10 Final Carried 10 | 2 9 10 6 Class Distribution -------------------- 88% | Mutant 11% | Scavenger-Mutant Dominant Class ---------------- Mutant | -10/Materials Mutant | -10/Mines Mutant | -10/Subcaves Resources | -11 -10 -10 -10 ----------- Run | Yrd Mat Min Sub Matter Collected 785 | 176 156 384 69 Remotely . | . . . . Salvage Created 513 | . 184 241 88 Parts 25 | . 10 12 3 Haulers Intercepted 2 | . 2 . . Recyclers Shooed 1 | . 1 . . Parts Field Recycled . | . . . . Retrieved Matter . | . . . . Parts Self-Destructed . | . . . . Prevented . | . . . . Kills | -11 -10 -10 -10 ------- Run | Yrd Mat Min Sub Combat Hostiles Destroyed 26 | . 6 18 2 Guns 17 | . 6 10 1 Cannons 1 | . . . 1 AOE 8 | . . 8 . Classes Destroyed 6 | . 2 3 1 Worker 2 | . . 2 . Hauler 2 | . 2 . . Swarmer 7 | . 6 1 . Grunt 2 | . . 2 . Subdweller 2 | . . . 2 Assembled 15 | . . 15 . Best Kill Streak 17 | . 3 17 2 Combat Bots Only 17 | . 3 17 2 Max Kills in Single Turn 3 | . 1 3 1 Gunslinging . | . . . . Exploded 3 | . . 3 . Melee . | . . . . Uniques/NPCs Destroyed . | . . . . Combat | -11 -10 -10 -10 -------- Run | Yrd Mat Min Sub Hostile Shots Fired 135 | . 29 83 23 Missed 42 | . 9 28 5 Hits 93 | . 20 55 18 Projectile 93 | . 20 55 18 Critical Strikes 3 | . 1 1 1 Damage Taken 1187 | . 145 675 367 Core 250 | . 41 127 82 Absorbed by Shields . | . . . . Core Remaining (%) 100 | 100 . . . Volleys Fired 68 | . 22 26 20 Largest 2 | . 2 2 2 Hottest 91 | . 68 53 91 Shots Fired 126 | . 43 49 34 Gun 102 | . 42 45 15 Cannon 20 | . 1 . 19 Launcher 4 | . . 4 . Special . | . . . . Kinetic 102 | . 42 45 15 Thermal 20 | . 1 . 19 Explosive 4 | . . 4 . Electromagnetic . | . . . . Robot Hit Streak 24 | . 7 6 24 Robot Miss Streak 3 | . 3 2 1 Penetration Max . | . . . . Secondary Targets 3 | . 2 1 . Max Gunslinging Chain 1 | . 1 1 . Shots Hit Robots 79 | . 26 29 24 Core Hits 46 | . 10 31 5 Critical Kills 2 | . 1 1 . Critical Parts Destroyed . | . . . . Critical Strikes 4 | . 1 1 2 Destroy 4 | . 1 1 2 Melee Attacks . | . . . . Impact . | . . . . Slashing . | . . . . Piercing . | . . . . Sneak Attacks . | . . . . Combat Hostiles . | . . . . Follow-up Attacks . | . . . . Damage Inflicted 1720 | . 358 935 427 Guns 955 | . 358 414 183 Cannons 244 | . . . 244 Explosions 521 | . . 521 . Melee . | . . . . Ramming . | . . . . Kinetic 955 | . 358 414 183 Thermal 244 | . . . 244 Explosive 521 | . . 521 . Electromagnetic . | . . . . Impact . | . . . . Slashing . | . . . . Piercing . | . . . . Highest Corruption . | . . . . Average Corruption . | . . . . Corruption Purged . | . . . . Corruption Blocked . | . . . . Overload Shots . | . . . . Overflow Damage 5 | . . 5 . Projectiles . | . . . . Explosions 5 | . . 5 . Melee . | . . . . Knockbacks . | . . . . Impact . | . . . . Kinetic . | . . . . Secondary . | . . . . Self-Inflicted Damage . | . . . . Shots . | . . . . Rammed . | . . . . Targets Rammed . | . . . . Kicked . | . . . . Crushed . | . . . . Highest Temperature 28 | . 28 14 . Average Temperature 9 | . 17 6 . Received Heat Transfer 138 | . . 60 78 Siege Activations . | . . . . Martial Activations . | . . . . Shielding Activations . | . . . . Robots Disrupted . | . . . . Combat Hostiles . | . . . . Robots Corrupted . | . . . . Combat Hostiles . | . . . . Parts Fried . | . . . . Impact Corruptions . | . . . . Robots Melted . | . . . . Combat Hostiles . | . . . . Parts Melted . | . . . . Heat Transferred 444 | . . . 444 Parts Sabotaged . | . . . . Parts Stolen . | . . . . Parts Stripped . | . . . . Power Chain Reactions . | . . . . Alert | -11 -10 -10 -10 ------- Run | Yrd Mat Min Sub Maximum Alert Level . | . . . . Low Security (%) 100 | 100 100 100 . Level 1 . | . . . . Level 2 . | . . . . Level 3 . | . . . . Level 4 . | . . . . Level 5 . | . . . . High Security . | . . . . Max Security . | . . . . Peak Influence 70 | . 70 37 . Initial . | . . . . Average 9 | . 16 4 . Influence Increases 307 | . 184 123 . Destroy 0b10 Robot/C 180 | . 120 60 . Destroy 0b10 Robot/NC 20 | . 10 10 . Destroy Leader 44 | . 24 20 . Successful Hack 15 | . 15 . . Disable Machine 15 | . 15 . . Destroy Structure 18 | . . 18 . Lose Combat Pursuer 15 | . . 15 . Influence Decreases 307 | . 184 123 . Time Decay 279 | . 184 95 . Lost Part 28 | . . 28 . Squads Dispatched . | . . . . Investigation . | . . . . Extermination . | . . . . Reinforcement . | . . . . Assault . | . . . . Garrison . | . . . . Intercept . | . . . . Searches Triggered . | . . . . Construction Impeded . | . . . . Haulers Reinforced . | . . . . Active Scanning Responses . | . . . . Cargo Convoy Interrupts . | . . . . Stealth | -11 -10 -10 -10 --------- Run | Yrd Mat Min Sub Distress Signals 2 | . 2 . . Communications Jammed . | . . . . Distress Signals . | . . . . Times Spotted 42 | . 12 26 4 Peak Tracking Total 14 | . 4 14 2 Tactical Retreats 3 | . . 3 . Traps | -11 -10 -10 -10 ------- Run | Yrd Mat Min Sub Traps Triggered . | . . . . Indirectly . | . . . . Trap Hack Attempts . | . . . . Triggered . | . . . . Disarmed . | . . . . Reprogrammed . | . . . . Reused . | . . . . Traps Extracted . | . . . . Installed . | . . . . Triggered . | . . . . Machines | -11 -10 -10 -10 ---------- Run | Yrd Mat Min Sub Machines Disabled 1 | . 1 . . Max in Single Turn 1 | . 1 . . Machines Repaired . | . . . . Machines Dismantled . | . . . . Machines Sabotaged . | . . . . Overloaded Fab Kills . | . . . . Hacking | -11 -10 -10 -10 --------- Run | Yrd Mat Min Sub Machines Accessed 4 | . 4 . . Terminals 4 | . 4 . . Fabricators . | . . . . Repair Stations . | . . . . Recycling Units . | . . . . Scanalyzers . | . . . . Garrison Access . | . . . . Total Hacks 12 | . 12 . . Successful 6 | . 6 . . Failed 6 | . 6 . . Catastrophic . | . . . . Database Lockouts . | . . . . Manual 12 | . 12 . . Terminals 12 | . 12 . . Fabricators . | . . . . Repair Stations . | . . . . Recycling Units . | . . . . Scanalyzers . | . . . . Garrison Access . | . . . . Terminal Hacks 2 | . 2 . . Robot Analysis 2 | . 2 . . Fabricator Hacks . | . . . . Repair Station Hacks . | . . . . Recycling Unit Hacks . | . . . . Scanalyzer . | . . . . Garrison Access Hacks . | . . . . Unauthorized Hacks 4 | . 4 . . Terminals 4 | . 4 . . Botnet 4 | . 4 . . Fabricators . | . . . . Repair Stations . | . . . . Recycling Units . | . . . . Scanalyzers . | . . . . Garrison Access . | . . . . Data Cores Recovered . | . . . . Used . | . . . . Hacking Detections 4 | . 4 . . Full Trace Events . | . . . . Feedback Events . | . . . . Feedback Blocked . | . . . . Robot Schematics Acquired . | . . . . Robots Built . | . . . . Authchips . | . . . . Time . | . . . . Total Robot Build Rating . | . . . . Part Schematics Acquired . | . . . . Parts Built . | . . . . Authchips . | . . . . Time . | . . . . Total Part Build Rating . | . . . . Parts Repaired . | . . . . Time . | . . . . Parts Recycled . | . . . . Recycled Matter . | . . . . Retrieved Matter . | . . . . Retrieved Components . | . . . . Parts Scanalyzed . | . . . . Part Schematics Acquired . | . . . . Parts Damaged . | . . . . Bothacking | -11 -10 -10 -10 ------------ Run | Yrd Mat Min Sub Used RIF Installer . | . . . . Robots Hacked . | . . . . Non-combat . | . . . . Combat . | . . . . Robot Hacks Applied . | . . . . Relay Couplers Released . | . . . . Fabnet Peak Effective % . | . . . . Robots Rewired . | . . . . Allies Hacked . | . . . . Hacks Repelled . | . . . . Allies | -11 -10 -10 -10 -------- Run | Yrd Mat Min Sub Total Allies . | . . . . Largest Group . | . . . . Highest-Rated Group . | . . . . Highest-Rated Ally . | . . . . Total Orders . | . . . . Ally Attacks . | . . . . Total Damage . | . . . . Kills . | . . . . Allies Corrupted . | . . . . Allies Melted . | . . . . Intel | -11 -10 -10 -10 ------- Run | Yrd Mat Min Sub Active Infowar (turns) . | . . . . Robot Analysis Total 2 | . 2 . . Derelict Logs Recovered 2 | . . 2 . Drone Launches . | . . . . Drone Recoveries . | . . . . Exploration | -11 -10 -10 -10 ------------- Run | Yrd Mat Min Sub Turns Passed 1956 | 51 572 772 561 Spaces Moved 1275 | 40 404 493 338 Core 13 | 13 . . . Treads . | . . . . Legs 1149 | 27 404 493 225 Wheels 113 | . . . 113 Hover . | . . . . Flight . | . . . . Fastest Speed 50 | 50 120 120 120 Average Speed 119 | 97 120 120 122 Slowest Speed 260 | 120 120 120 260 Overloaded Moves . | . . . . Propulsion Burnouts . | . . . . Robots Hopped . | . . . . Potential Cave-ins . | . . . . Cave-ins Triggered . | . . . . Exploration Rate (%) 42 | 4 64 77 25 Regions Visited 3 Branch Regions 2 Pre-discovered Areas 2 | . . 1 1 Known Exits Taken 2 | . 1 1 . Unknown Exits Taken 1 | 1 . . . Scrap Searched 1 | . . 1 . Spaces Dug . | . . . . Terrain Destroyed 23 | . . 23 . Melee . | . . . . Projectile . | . . . . AOE 23 | . . 23 . Terrain Rammed . | . . . . Walls Destroyed . | . . . . Machines Disabled . | . . . . Actions | -11 -10 -10 -10 --------- Run | Yrd Mat Min Sub Total 1573 | 50 446 623 454 Wait 185 | . 4 94 87 Move 1272 | 39 403 492 338 Hop . | . . . . Pick Up 11 | 4 6 1 . Fast Attach 7 | 3 2 1 1 Attach 8 | 3 . 2 3 Detach 2 | . . . 2 Swap 13 | 1 6 5 1 Drop 7 | . 3 2 2 Fire 68 | . 22 26 20 Melee . | . . . . Ram . | . . . . Kick . | . . . . Crush . | . . . . Escape Stasis . | . . . . Rewire . | . . . . Trap . | . . . . Miscellaneous . | . . . . Route ------- -11/Scrapyard -10/Materials (discovered 2 exits: *Mat / *Min) -10/Mines (discovered 2 exits: *Mat / *Sub) -10/Subcaves History --------- Turn | Location | Event 6 | -11/Scrapyard | Discovered new exit (range 16) 52 | -11/Scrapyard | Entered Materials 114 | -10/Materials | Discovered new exit (range 6) 338 | -10/Materials | Build established: Mutant 604 | -10/Materials | Discovered new exit (range 10) 623 | -10/Materials | Identified exit to Mines 624 | -10/Materials | Entered Mines 625 | -10/Mines | Assembled infested the area 630 | -10/Mines | Assisted by a Guerilla fighting off Assembled 654 | -10/Mines | Discovered new exit (range 8) 668 | -10/Mines | Core integrity fell below 50% 735 | -10/Mines | Lost 3 parts (1p2w) 752 | -10/Mines | Destroyed 17 combat bots 801 | -10/Mines | Identified exit to Materials 894 | -10/Mines | Learned location of Storage (-9) 1077 | -10/Mines | Found DCF Scrap (13 items) 1151 | -10/Mines | Joined a pair of Derelicts in attacking an 0b10 outpost 1353 | -10/Mines | Found a hidden stash of uninstalled traps 1389 | -10/Mines | Discovered new exit (range 6) 1393 | -10/Mines | Identified exit to Subcaves 1396 | -10/Mines | Entered Subcaves 1397 | -10/Subcaves | Approached by a straggling Scientist 1408 | -10/Subcaves | Shifting Twisted Machinery released Piercing Trap 1476 | -10/Subcaves | Shifting Twisted Machinery released Piercing Trap 1661 | -10/Subcaves | Shifting Twisted Machinery released Piercing Trap 1711 | -10/Subcaves | Core integrity fell below 20% 1760 | -10/Subcaves | Learned location of Zion (-7) 1760 | -10/Subcaves | Met a Zionite searching for "candidates" 1957 | -10/Subcaves | Destroyed by 85-IV8(R) with Subdweller Machine Gun Last Messages --------------- 01705_ 3E-LHO(R) destroyed. 01710_ JI-AIC(R) suffers critical hit (Destroy). 01725_ JI-AIC(R) destroyed. 01728_ Acquired 54 matter. 01733_ Acquired 15 matter. 01735_ 74-8JI(c) triggered Shrapnel Trap. 01735_ An expanding cloud of shrapnel blasts out in all directions. 01735_ 74-8JI(c) destroyed. 01738_ Acquired Sub. Monowheel. 01760_ 1O-BS2(z): "Hey you! It's really dangerous down here, I feel that you could die at any moment. For your health and safety might I suggest a trip to Zion?" World map updated: -7/Zion. 01788_ Subatomizers dissect the Lgt. Ion Engine. 01953_ Lgt. Nuclear Core destroyed. 01955_ Aluminum Leg destroyed. Map ----- +----------------------------------------------------+ | ?????????????????????????????????????????????????? | | ?????????????????????????????????????????????????? | | ?????????????????????????????????????????????????? | | ?????????????????????????????????????????????????# | | ?????????????????????????????????????????????????# | | ?????????????????????????????????????????????????# | | ?????????????????????????????????????????????????# | | ???????????????????????????????????????????????### | | ??????????????????????????????????????????????## | | ??????????????????????????????????????????????# | | ??????????????????????????????????????????????## | | ???????????????????????????????????????????????### | | ?????????????????????????????????????????????????# | | ?????????????????????????????????????????????????# | | ?????????????????????????????????????????????????? | | ?????????????????????????????????????????????????? | | ?????????????????????????????????????????????????? | | ?????????????????????????????????????????????????? | | ?????????????????????????????????????????????????# | | ??????????????????????????????????????????????#### | | ???????????????????????????####???????????????# " | | ??????????????????????????## ##?????????#??### " | | ????????????????????????### ####???? #??# | | ??????????????????????### ### #??##"" | | ??????????????????????# #??## | | ???????????????????????# @ #????## " | | ???????????????????????### #????????# " | | ?????????????????????????##RR ###????????# """ " | | ??????????????????????????# #?????????## | | ??????????????????????????# #####????### " | | ?????????????????????????## ## ##??## """ | | ?????????????????????????# #### """ | | ?????????????????????????# "" | | ????????????????????????# """ | | ???????????????????????# """" | | ??????????????????????# "### ## ## | | ????????????????????? ""#?# ### #### #### | | ???????????????????? ???##??### ##??## #??## | | ???????????????????" ??????????####????####???# | | ???????????????????""???????????????????????????# | | ???????????????????????????????????????????????? | | ????????????????????????????????????????????????## | | ?????????????????????????????????????????????????? | | ?????????????????????????????????????????????????? | | ?????????????????????????????????????????????????? | | ?????????????????????????????????????????????????? | | ?????????????????????????????????????????????????? | | ?????????????????????????????????????????????????? | | ?????????????????????????????????????????????????? | | ?????????????????????????????????????????????????? | +----------------------------------------------------+ Best States ------------- Heat Dissipation 25 Energy Generation 14 Energy Capacity 250 Matter Stores 300 Matter Capacity 300 Sight Range 16 Terrain Scan Density 10 Armor Coverage 150 Evasion (%) 55 Salvage Targeting 1 Item Schematics ----------------- None Robot Schematics ------------------ None Fabricated ------------ Nothing Repaired ---------- Nothing Alien Tech Used ----------------- None Achievements -------------- None Challenges ------------ None Game ------ Seed AssaultAnalysisPrototype Manual? 0 Play Time 00:12:12 Cumulative 76.0 hours Start 2025.05.31 @ 22:57:59 End 2025.05.31 @ 23:07:42 Sessions 1 Manual Loads 0 Difficulty Rogue Special Mode None Game No. 134 Rogue 118 Adventurer 16 Explorer 0 Win Type - Total 1 Types 1/0/0/0/0/0/0/0/0/0 Lore% 32 Gallery% 49 Achievement% 48 Wizard Run 0 Options --------- Layout 2 ASCII 0 Keyboard 0 Movement Mouse Keybinds 0 Fullscreen 1 Font 24/Smallcaps Map View 50x44 Zoom Use 0% Tactical HUD 1 Map Filters NONE Filters NONE Steam 1 RUN: b03dc52c-b7dd-4355-abc2-6bebcb39a940